 Dungeon Crawl Stone Soup version 0.31-a0-1001-g770356a28f (webtiles) character file.

Game seed: 981071364549369248

190321 Malachi the Spear-Bearer (level 18, -10/128 HPs)
             Began as a Gnoll Wanderer on Nov 8, 2023.
             Was the Champion of Hepliaklqana.
             Mangled by a nagaraja
             ... wielding a +0 spear
              (18 damage)
             ... on level 4 of the Snake Pit.
             The game lasted 01:04:19 (26733 turns).

Malachi the Spear-Bearer (Gnoll Wanderer)          Turns: 26733, Time: 01:04:19

Health: -10/128    AC: 32    Str: 19    XL:     18   Next: 61%
Magic:  34/34      EV: 16    Int: 19    God:    Hepliaklqana [******]
Gold:   1074       SH:  0    Dex: 12    Spells: 21/41 levels left

rFire   + + .        i - +3 Elemental Staff {ele, rElec rF+ rC+ AC+3}
rCold   . . .        (no shield)
rNeg    . . .        q - +4 fire dragon scales of Xuaras {Drain +Blink rElec rF++ rC- rCorr}
rPois   .            p - +0 helmet
rElec   +            l - +0 cloak
rCorr   +            t - +3 pair of gauntlets of War {Slay+5}
SInv    .            v - +0 pair of boots
Will    ++...        K - amulet "Jeggoas" {Fragile Regen+ Int+7 Stlth+}
Stlth   ++++         r - +4 ring of protection
HPRegen 1.21/turn    B - +5 ring of evasion
MPRegen 0.24/turn

%: no passive effects
@: weakened, constricted
A: reduced essence, fangs 1, strong nose, distributed training, strong-willed 1,
heat vulnerability 1
a: Renounce Religion, Evoke Blink, Recall Ancestor, Ancestor Identity,
Transference, Idealise


You were on level 4 of the Snake Pit.
You worshipped Hepliaklqana.
Hepliaklqana was exalted by your worship.
You visited 4 branches of the dungeon, and saw 26 of its levels.
You also visited: Bailey.

You collected 2979 gold pieces.
You spent 1905 gold pieces at shops.

Inventory:

Hand Weapons
 i - the +3 Elemental Staff (weapon) {ele, rElec rF+ rC+ AC+3}
   (You bought it in a shop on level 9 of the Dungeon)

   AC+3:      It affects your AC (+3).
   rF+:       It protects you from fire.
   rC+:       It protects you from cold.
   rElec:     It insulates you from electricity.
Missiles
 h - 8 throwing nets
 k - 27 boomerangs
 n - 10 curare-tipped darts
 A - 12 datura-tipped darts
 I - 4 atropa-tipped darts
Armour
 l - a +0 cloak (worn)
 p - a +0 helmet (worn)
 q - the +4 fire dragon scales of Xuaras (worn) {Drain +Blink rElec rF++ rC- rCorr}
   (You found it on level 3 of the Lair of Beasts)

   rF++:      It greatly protects you from fire.
   rC-:       It makes you vulnerable to cold.
   rElec:     It insulates you from electricity.
   +Blink:    It lets you blink.
   rCorr:     It protects you from acid and corrosion.
   Drain:     It drains your maximum health when unequipped.
 t - the +3 pair of gauntlets of War (worn) {Slay+5}
   (You bought it in a shop on level 2 of the Orcish Mines)

   Slay+5:    It affects your accuracy & damage with ranged weapons and melee
   (+5).
 v - a +0 pair of boots (worn)
Jewellery
 a - a ring of willpower
 r - a +4 ring of protection (left hand)
 B - a +5 ring of evasion (right hand)
 F - a ring of resist corrosion
 J - an amulet of reflection
 K - the amulet "Jeggoas" (around neck) {Fragile Regen+ Int+7 Stlth+}
   (You found it on level 7 of the Dungeon)

   [amulet of regeneration]

   Int+7:     It affects your intelligence (+7).
   Regen+:    It increases your rate of health regeneration.
   Fragile:   It will be destroyed if unequipped.
   Stlth+:    It makes you more stealthy.
 X - the amulet "Davemal" {Faith rPois rC- rN+++ Int+2}
   (You found it on level 1 of the Lair of Beasts)

   [amulet of faith]

   Faith:     It allows you to gain divine favour quickly.
   Int+2:     It affects your intelligence (+2).
   rC-:       It makes you vulnerable to cold.
   rPois:     It protects you from poison rN+++: It renders you almost immune to
   negative energy.
Wands
 f - a wand of paralysis (19)
 g - a wand of polymorph (20)
 u - a wand of flame (58)
 w - a wand of mindburst (23)
 Q - a wand of roots (13)
 S - a wand of acid (10)
 T - a wand of digging (9)
Scrolls
 c - 6 scrolls of teleportation
 m - 4 scrolls of immolation
 D - 6 scrolls of amnesia
 O - 2 scrolls of enchant armour
 R - a scroll of enchant weapon
 U - 2 scrolls of fog
 V - 2 scrolls of blinking
 Y - a scroll of revelation
 Z - a scroll of brand weapon
Potions
 b - 3 potions of lignification
 e - 5 potions of enlightenment
 j - a potion of haste
 o - 4 potions of berserk rage
 s - 3 potions of curing
 x - 3 potions of cancellation
 z - 3 potions of attraction
 C - a potion of invisibility
 E - 3 potions of might
 G - 4 potions of resistance
 W - 2 potions of brilliance
Miscellaneous
 d - a phantom mirror
 H - a phial of floods
 L - a lightning rod (inert)
 P - a tin of tremorstones (inert)


   Skills:
 + Level 13.1 Fighting
 + Level 12.3 Short Blades
 + Level 12.3 Long Blades
 + Level 13.8 Axes
 + Level 12.3 Maces & Flails
 + Level 13.8 Polearms
 + Level 12.3 Staves
 + Level 12.3 Ranged Weapons
 + Level 12.6 Throwing
 + Level 12.6 Armour
 + Level 12.3 Dodging
 + Level 12.3 Stealth
 + Level 12.3 Shields
 + Level 12.3 Unarmed Combat
 + Level 12.3 Spellcasting
 + Level 10.4 Conjurations
 + Level 10.4 Hexes
 + Level 10.4 Summonings
 + Level 10.4 Necromancy
 + Level 10.4 Translocations
 + Level 10.4 Transmutations
 + Level 10.4 Fire Magic
 + Level 10.4 Ice Magic
 + Level 10.4 Air Magic
 + Level 10.4 Earth Magic
 + Level 10.4 Poison Magic
 + Level 13.4 Invocations
 + Level 12.3 Evocations
 + Level 11.3 Shapeshifting


You had 21 spell levels left.
You knew the following spells:

 Your Spells              Type           Power      Damage    Failure   Level
a - Ignite Poison         Fire/Tmut/Pois 67%        N/A       1%          3
b - Animate Armour        Summ/Erth      100%       N/A       2%          4
c - Dispel Undead         Necr           51%        3d19      2%          4
d - Vhi's Electric Charg  Tloc/Air       100%       N/A       2%          4
e - Silence               Hex/Air        33%        N/A       6%          5

Your spell library contained the following spells:

 Spells                   Type           Power      Damage    Failure   Level
 Apportation              Tloc           100%       N/A       1%          1
 Kiss of Death            Conj/Necr      100%       2d13      1%          1
 Cigotuvi's Dreadful Rot  Necr/Pois/Air  100%       N/A       1%          2
 Jinxbite                 Hex            100%       N/A       1%          2
 Poisonous Vapours        Pois/Air       100%       N/A       1%          2
 Static Discharge         Conj/Air       100%       3-8/arc   1%          2
 Confusing Touch          Hex            51%        N/A       1%          3
 Dazzling Flash           Conj/Hex       100%       N/A       1%          3
 Airstrike                Air            33%        2d(5-21)  2%          4
 Cause Fear               Hex            25%        N/A       2%          4
 Passage of Golubria      Tloc           51%        N/A       2%          4
 Summon Lightning Spire   Summ/Air       67%        N/A       2%          4
 Agony                    Necr           51%        N/A       6%          5
 Alistair's Intoxication  Tmut/Pois      34%        N/A       6%          5
 Freezing Cloud           Conj/Ice/Air   43%        6-21      6%          5
 Lee's Rapid Deconstruct  Erth           33%        3d17*     6%          5
 Summon Forest            Summ/Tloc      25%        N/A       6%          5
 Summon Mana Viper        Hex/Summ       51%        N/A       6%          5
 Conjure Ball Lightning   Conj/Air       33%        3x3d11    34%         6
 Death Channel            Necr           25%        N/A       34%         6
 Summon Cactus Giant      Summ           25%        N/A       34%         6


Dungeon Overview and Level Annotations

Branches:
Dungeon (15/15)            Temple (0/1) D:7            Lair (5/5) D:8
  Swamp (0/4) Lair:3        Snake (4/4) Lair:2        Slime (0/5) Lair:5
    Orc (2/2) D:10            Elf (0/3) Orc:2        Vaults (0/5) D:14
 Depths (0/4) D:15         Bailey (visited)

Altars:
Ashenzari
Elyvilon
Hepliaklqana
Qazlal
Sif Muna
Trog
Wu Jian
Yredelemnul
Jiyva

Shops:
D:3 [   D:7 ?[=[(   D:9 (   D:14 [   Orc:2 :*([   Snake:2 (

Annotations:
Snake:4 2 transporters, Ekep's ghost, adept GrEE


Innate Abilities, Weirdness & Mutations

Your life essence is reduced to manifest your ancestor. (-10% HP)
You have very sharp teeth.
Your uncanny sense of smell can sniff out nearby items.
Your experience applies equally to all skills.
You are strong-willed. (Will+)
You are vulnerable to heat. (rF-)


Message History

The nagaraja is lightly wounded.
You feel very sick. The nagaraja completely misses you.
The nagaraja constricts you.
* * * LOW HITPOINT WARNING * * *
You barely miss the nagaraja.
The nagaraja is lightly wounded.
You feel sick.
You barely miss the nagaraja. You bite the nagaraja.
The nagaraja is lightly wounded.
Bozidar emerges from the mists of memory!
You feel sick. The nagaraja hits you with a +0 spear!
* * * LOW HITPOINT WARNING * * *
The nagaraja constricts you.
You closely miss the nagaraja. Your bite misses the nagaraja.
The nagaraja is lightly wounded.
You feel sick. The nagaraja spits poison at you. The splash of poison hits you!
You are more poisoned.
* * * LOW HITPOINT WARNING * * *
The nagaraja constricts you.
* * * LOW HITPOINT WARNING * * *
You feel better. The nagaraja hits you with a +0 spear.
* * * LOW HITPOINT WARNING * * *
The nagaraja constricts you.
You completely miss the nagaraja.
The nagaraja is lightly wounded.
Bozidar hits the nagaraja but does no damage.
You hit the nagaraja.
You electrocute the nagaraja!!
The nagaraja is heavily wounded.
The nagaraja hits you with a +0 spear!
* * * LOW HITPOINT WARNING * * *
The nagaraja constricts you.
You hit the nagaraja. You crush the nagaraja!! Your punch misses the nagaraja.
The nagaraja is severely wounded.
Bozidar barely misses the nagaraja.
You hit the nagaraja but do no damage. You crush the nagaraja!
The nagaraja is almost dead.
The nagaraja hits you with a +0 spear!!
You die...

#.....'......###....###..#
###.###......+.......?....
####.###......+............
.......'......+......###++##
.......'......+......##....##
.......#......####..###.....##
.......#......# #..###......#
####...#......####).#.'......#
####...#......).@N.^..'.....N####
.......#......'..R....'..........
.......#......'.......#......###.
......##......'.......#.....## #.
.......+.....##.##....#....## #.
##+++###....###.##....#...## ##
#.....###'### #.##....###+#### #
+......##.#####.##....# #....#
+......#..............# #.##.#


You could see the friendly Bozidar the battlemage and a nagaraja (strong,
catching breath, ally target).

Vanquished Creatures
  3 nagarajas
  A stone giant (D:15)
  An ettin (Orc:1)
  Josephine (Snake:1)
  An entropy weaver (shapeshifter) (D:13)
  A vault guard (D:14)
  3 hydras
  3 boulder beetles
  A centaur warrior (D:13)
  3 salamander tyrants
  9 anacondas
  A death knight (D:15)
  2 ogre magi
  2 death yaks
  9 two-headed ogres
  6 naga warriors
  2 tengu warriors
  6 shock serpents
  A hell knight (D:15)
  6 naga sharpshooters
  An iron troll (Orc:2)
  2 skysharks
  3 skeletal warriors (D:15)
  6 salamander mystics
  A deep troll (Orc:2)
  2 phantasmal warriors (D:15)
  A glowing orange brain (D:14)
  6 naga ritualists
  A lindwurm (D:7)
  4 orc knights
  An orc sorcerer (Orc:1)
  4 mana vipers
  2 deep elf pyromancers
  6 cyclopes
  7 ugly things
  4 manticores
  11 salamanders
  26 elephants
  2 guardian serpents
  31 black mambas
  A gargoyle (D:12)
  8 naga magi
  11 cane toads
  3 torpor snails
  2 freezing wraiths (D:15)
  3 rime drakes
  10 komodo dragons
  An efreet (D:14)
  An unseen horror (D:12)
  3 tengu conjurers
  9 trolls
  A troll (shapeshifter) (D:15)
  5 polar bears
  6 hornets (Lair:5)
  4 blink frogs (Lair:5)
  A blink frog (shapeshifter) (D:15)
  A jumping spider (shapeshifter) (D:15)
  15 spriggans (Lair:5)
  5 wyverns
  2 basilisks
  22 yaks
  A vampire (D:13)
  2 wraiths
  6 wargs
  29 nagas
  An acid dragon (D:6)
  8 water moccasins
  2 ice beasts
  21 orc warriors
  4 black bears (Lair:5)
  16 ogres
  25 wolves
  3 boggarts (Lair:5)
  16 centaurs
  7 kobold brigands
  10 bullfrogs
  4 scorpions
  3 wights (D:6)
  2 killer bees (D:8)
  2 electric eels (Lair:3)
  A howler monkey (D:12)
  2 jellies (D:7)
  A hound (D:6)
  7 orc priests
  Jessica (D:3)
  An iguana (D:7)
  12 orc wizards
  Robin (D:3)
  5 gnolls
  3 adders
  9 white imps (D:13)
  2 ufetubi
  3 worms
  A dart slug (D:1)
  38 orcs
  11 endoplasms
  5 giant cockroaches
  14 goblins
  4 hobgoblins
  6 ball pythons
  3 bats
  7 frilled lizards
  13 kobolds
  7 rats (D:1)
616 creatures vanquished.

Vanquished Creatures (collateral kills)
  The ghost of Mimp the Fighter, a journeyman FoSh of Okawaru (Lair:3)
  The ghost of Xoh Arhiasm the Grappler, a journeyman TrWr of Uskayaw (Lair:3)
  The ghost of tish the Nimble, a journeyman OpIE of Gozag (Lair:3)
  The ghost of tish the Destroyer, a journeyman OpCj of Gozag (Lair:1)
  A yaktaur captain (D:11)
  Harold (D:11)
  2 hydras
  4 centaur warriors
  An ogre mage (Orc:2)
  5 two-headed ogres
  4 anacondas
  2 naga sharpshooters (Snake:1)
  3 naga warriors
  A shock serpent (Snake:1)
  A death yak (Lair:2)
  A salamander mystic (Snake:3)
  A naga ritualist (Snake:2)
  An orc knight (D:15)
  An orc sorcerer (Orc:1)
  A deep elf pyromancer (D:12)
  2 mana vipers
  5 salamanders
  A cyclops (D:12)
  An oklob plant (D:11)
  A manticore (D:12)
  6 elephants
  2 ugly things (D:14)
  2 guardian serpents
  4 naga magi
  14 black mambas
  A komodo dragon (D:12)
  An efreet (D:14)
  An unseen horror (D:10)
  A gargoyle (D:12)
  A kobold demonologist (D:10)
  A yaktaur (D:13)
  A tengu conjurer (D:13)
  The ghost of Pascal76 the Chopper, an amateur MiFi (D:5)
  4 trolls
  A hornet (shapeshifter) (D:15)
  A hornet (D:11)
  A slime creature (D:7)
  Sigmund (D:5)
  4 wyverns
  5 wraiths
  5 yaks
  3 vampire mosquitoes (D:14)
  Menkaure (D:5)
  A warg (D:13)
  8 nagas
  9 water moccasins
  A black bear (D:5)
  An ice beast (D:5)
  6 orc warriors
  7 ogres
  2 wolves (Lair:3)
  3 centaurs
  A phantom (D:5)
  4 kobold brigands
  A gnoll sergeant (D:7)
  6 bullfrogs
  2 scorpions
  2 wights (D:6)
  4 killer bees
  2 howler monkeys
  2 electric eels (Lair:3)
  8 jellies
  A gnoll bouda (D:7)
  5 hounds
  3 orc priests
  A sleepcap (D:4)
  An iguana (D:7)
  9 orc wizards
  3 gnolls
  6 adders
  2 shadow imps (D:5)
  3 white imps (D:13)
  2 ufetubi
  A dart slug (D:4)
  18 orcs
  A ball python (D:2)
  12 endoplasms
  4 goblins
  6 hobgoblins
  12 kobolds
  A quokka (D:4)
  A bat (D:3)
  A frilled lizard (D:3)
  2 rats (D:3)
271 creatures vanquished.

Vanquished Creatures (others)
  24 battlemagi
24 creatures vanquished.

Grand Total: 911 creatures vanquished

Notes
Turn   | Place    | Note
-------+----------+-------------------------------------------
     0 | D:1      | Malachi the Gnoll Wanderer began the quest for the Orb.
     0 | D:1      | Malachi set off with the following items: a +1 war axe, a
                  | +0 spear, a scroll of teleportation, a +0 leather armour.
     0 | D:1      | Reached XP level 1. HP: 20/20 MP: 1/1
   146 | D:1      | Reached XP level 2. HP: 26/26 MP: 2/2
   212 | D:1      | Reached XP level 3. HP: 29/31 MP: 3/3
   233 | D:1      | Found a faded altar of an unknown god.
   518 | D:1      | Prayed at the altar of an unknown god.
   518 | D:1      | Became a worshipper of Hepliaklqana the Forgotten
   518 | D:1      | Reached * piety under Hepliaklqana
   542 | D:2      | Reached skill level 1 in Invocations
   631 | D:2      | Found a bloodstained altar of Trog.
   777 | D:2      | Reached skill level 1 in Short Blades
   777 | D:2      | Reached skill level 1 in Long Blades
   777 | D:2      | Reached skill level 1 in Maces & Flails
   777 | D:2      | Reached skill level 1 in Staves
   777 | D:2      | Reached skill level 1 in Ranged Weapons
   777 | D:2      | Reached skill level 1 in Dodging
   777 | D:2      | Reached skill level 1 in Stealth
   777 | D:2      | Reached skill level 1 in Shields
   777 | D:2      | Reached skill level 1 in Unarmed Combat
   777 | D:2      | Reached skill level 1 in Spellcasting
   777 | D:2      | Reached skill level 1 in Evocations
   986 | D:2      | Reached skill level 1 in Shapeshifting
   986 | D:2      | Reached XP level 4. HP: 27/34 MP: 5/5
  1190 | D:3      | Reached ** piety under Hepliaklqana
  1191 | D:3      | Remembered your ancestor Bozidar as a battlemage
  1287 | D:3      | Noticed Jessica
  1293 | D:3      | Killed Jessica
  1294 | D:3      | Reached skill level 1 in Conjurations
  1294 | D:3      | Reached skill level 1 in Hexes
  1294 | D:3      | Reached skill level 1 in Summonings
  1294 | D:3      | Reached skill level 1 in Necromancy
  1294 | D:3      | Reached skill level 1 in Translocations
  1294 | D:3      | Reached skill level 1 in Transmutations
  1294 | D:3      | Reached skill level 1 in Fire Magic
  1294 | D:3      | Reached skill level 1 in Ice Magic
  1294 | D:3      | Reached skill level 1 in Air Magic
  1294 | D:3      | Reached skill level 1 in Earth Magic
  1294 | D:3      | Reached skill level 1 in Poison Magic
  1507 | D:3      | Noticed Robin
  1514 | D:3      | Reached XP level 5. HP: 37/38 MP: 5/7
  1515 | D:3      | Killed Robin
  1620 | D:3      | Found Punitsag's Armour Shop.
  1748 | D:3      | Found a white marble altar of Elyvilon.
  2622 | D:4      | Reached XP level 6. HP: 45/45 MP: 8/8
  2636 | D:4      | Found a stormy altar of Qazlal.
  2723 | D:4      | Reached skill level 5 in Fighting
  3097 | D:5      | Entered Level 5 of the Dungeon
  3097 | D:5      | Noticed Sigmund
  3103 | D:5      | Killed Sigmund
  3104 | D:5      | Reached XP level 7. HP: 45/50 MP: 10/10
  3619 | D:5      | Reached XP level 8. HP: 47/56 MP: 12/12
  3624 | D:5      | Reached *** piety under Hepliaklqana
  3839 | D:5      | Noticed Menkaure
  3845 | D:5      | Killed Menkaure
  3913 | D:5      | Found a runed translucent door.
  3914 | D:5      | Noticed Pascal76's ghost (amateur MiFi)
  3960 | D:5      | Found an ornate altar of the Wu Jian Council.
  4355 | D:5      | Killed Pascal76's ghost
  4868 | D:6      | Reached XP level 9. HP: 60/62 MP: 14/14
  5105 | D:6      | Reached skill level 5 in Throwing
  5105 | D:6      | Reached skill level 5 in Armour
  5549 | D:7      | Identified the "Leczof"
  5549 | D:7      | Found Loircheca's Jewellery Emporium.
  5559 | D:7      | Found Ypoeh Hilu's Antique Armour Emporium.
  5562 | D:7      | Bought a polished scale mail for 189 gold pieces
  5562 | D:7      | Identified the +1 scale mail "Ymokhleox" {Harm Regen+} (You
                  | bought it in a shop on level 7 of the Dungeon)
  5588 | D:7      | Reached skill level 5 in Invocations
  5767 | D:7      | Found Ifolumosm's Magic Scroll Shoppe.
  5783 | D:7      | Bought a scroll of identify for 24 gold pieces
  5919 | D:7      | Found a staircase to the Ecumenical Temple.
  5971 | D:7      | Found a large runed translucent door.
  5971 | D:7      | Found a large runed translucent door.
  5990 | D:7      | Found a large runed translucent door.
  5990 | D:7      | Found a large runed translucent door.
  6031 | D:7      | Reached XP level 10. HP: 31/69 MP: 17/17
  6033 | D:7      | Reached skill level 5 in Short Blades
  6033 | D:7      | Reached skill level 5 in Long Blades
  6033 | D:7      | Reached skill level 5 in Maces & Flails
  6033 | D:7      | Reached skill level 5 in Staves
  6033 | D:7      | Reached skill level 5 in Ranged Weapons
  6033 | D:7      | Reached skill level 5 in Dodging
  6033 | D:7      | Reached skill level 5 in Stealth
  6033 | D:7      | Reached skill level 5 in Shields
  6033 | D:7      | Reached skill level 5 in Unarmed Combat
  6033 | D:7      | Reached skill level 5 in Spellcasting
  6033 | D:7      | Reached skill level 5 in Evocations
  6243 | D:7      | Found Oronicva's Weapon Emporium.
  6295 | D:7      | Reached **** piety under Hepliaklqana
  6412 | D:7      | Found Laschu's Antique Armour Shop.
  6520 | D:7      | Noticed a two-headed ogre
  6541 | D:7      | a two-headed ogre changed into a lindwurm
  6541 | D:7      | Noticed a lindwurm
  6661 | D:7      | Killed a lindwurm
  6889 | D:7      | Identified the amulet "Jeggoas" {Fragile Regen+ Int+7
                  | Stlth+}
  6964 | D:7      | Noticed a two-headed ogre
  6973 | D:7      | Killed a two-headed ogre
  6974 | D:7      | Reached skill level 5 in Shapeshifting
  7500 | D:8      | Found a broken altar of Ashenzari.
  7677 | D:8      | Found a staircase to the Lair.
  7848 | D:8      | Found a flagged portal.
  7854 | Bailey   | Entered a bailey
  8006 | Bailey   | Reached XP level 11. HP: 18/75 MP: 19/19
  8012 | Bailey   | Reached skill level 5 in Conjurations
  8012 | Bailey   | Reached skill level 5 in Hexes
  8012 | Bailey   | Reached skill level 5 in Summonings
  8012 | Bailey   | Reached skill level 5 in Necromancy
  8012 | Bailey   | Reached skill level 5 in Translocations
  8012 | Bailey   | Reached skill level 5 in Transmutations
  8012 | Bailey   | Reached skill level 5 in Fire Magic
  8012 | Bailey   | Reached skill level 5 in Ice Magic
  8012 | Bailey   | Reached skill level 5 in Air Magic
  8012 | Bailey   | Reached skill level 5 in Earth Magic
  8012 | Bailey   | Reached skill level 5 in Poison Magic
  8046 | Bailey   | Found an iron altar of Okawaru.
  8061 | Bailey   | Identified the +4 scale mail of the Exiled Lovers {rF+ rN+
                  | Stlth-}
  8936 | D:9      | Reached ***** piety under Hepliaklqana
  9224 | D:9      | Found Uje Bow's Antique Weapon Shoppe.
  9433 | D:10     | Entered Level 10 of the Dungeon
  9609 | D:10     | Found a staircase to the Orcish Mines.
  9704 | D:10     | Found a basalt altar of Yredelemnul.
  9711 | D:10     | Found a shimmering blue altar of Sif Muna.
 10091 | D:11     | Noticed Harold
 10105 | D:11     | Killed Harold
 10204 | D:11     | Noticed a yaktaur captain
 10212 | D:11     | Killed a yaktaur captain
 10236 | D:11     | Noticed a five-headed hydra
 10245 | D:11     | Killed a six-headed hydra
 10251 | D:11     | Identified the flux talisman of Gluttony {rElec}
 10507 | D:11     | Noticed a manticore
 10523 | D:11     | Killed a manticore
 10869 | D:11     | Reached XP level 12. HP: 58/84 MP: 22/22
 11219 | D:11     | Gained mutation: You are dopey. (Int -2) [potion of
                  | mutation]
 11574 | D:12     | Noticed a centaur warrior
 11584 | D:12     | Killed a centaur warrior
 11702 | D:12     | Reached skill level 10 in Axes
 11702 | D:12     | Reached skill level 10 in Polearms
 12281 | D:13     | Noticed a centaur warrior
 12290 | D:13     | Killed a centaur warrior
 12378 | D:13     | Noticed an entropy weaver
 12454 | Orc:1    | Entered Level 1 of the Orcish Mines
 12455 | Orc:1    | Reached ****** piety under Hepliaklqana
 12626 | Orc:1    | Noticed an ettin
 12637 | Orc:1    | Killed an ettin
 13070 | D:9      | Bought the +3 Elemental Staff {ele, rElec rF+ rC+ AC+3} for
                  | 1027 gold pieces
 13070 | D:9      | Found the +3 Elemental Staff {ele, rElec rF+ rC+ AC+3}
 13358 | Orc:2    | Entered Level 2 of the Orcish Mines
 13373 | Orc:2    | Reached XP level 13. HP: 74/90 MP: 24/24
 13472 | Orc:2    | Found Sydghoiga's Antique Weapon Emporium.
 14034 | Orc:2    | Found Dotoxaz's Assorted Antiques.
 14039 | Orc:2    | Found Oxobb's Armour Shoppe.
 14041 | Orc:2    | Found Ipiggaenad's Book Shop.
 14270 | Orc:2    | Found a staircase to the Elven Halls.
 14425 | Orc:2    | Bought the +3 pair of gauntlets of War {Slay+5} for 665
                  | gold pieces
 14425 | Orc:2    | Found the +3 pair of gauntlets of War {Slay+5}
 14549 | D:13     | Killed an entropy weaver
 14550 | D:13     | Reached skill level 10 in Fighting
 14608 | D:13     | Identified the +8 lajatang of Hubris {drain, rN+ Str-4
                  | Dex+4}
 15021 | D:13     | Reached XP level 14. HP: 58/99 MP: 25/27
 15309 | D:14     | Reached skill level 10 in Invocations
 15710 | D:14     | Found a gate to the Vaults.
 15932 | D:14     | Found Jakosuul's Armour Shoppe.
 16845 | D:15     | Entered Level 15 of the Dungeon
 17034 | D:15     | Noticed a stone giant
 17038 | D:15     | Found a staircase to the Depths.
 17097 | D:15     | Reached skill level 10 in Throwing
 17097 | D:15     | Reached skill level 10 in Armour
 17399 | D:15     | Killed a stone giant
 17508 | D:15     | Paralysed by a hornet for 3 turns
 17638 | D:15     | Reached XP level 15. HP: 96/105 MP: 28/28
 18146 | Lair:1   | Entered Level 1 of the Lair of Beasts
 18155 | Lair:1   | Reached skill level 10 in Short Blades
 18155 | Lair:1   | Reached skill level 10 in Long Blades
 18155 | Lair:1   | Reached skill level 10 in Maces & Flails
 18155 | Lair:1   | Reached skill level 10 in Staves
 18155 | Lair:1   | Reached skill level 10 in Ranged Weapons
 18155 | Lair:1   | Reached skill level 10 in Dodging
 18155 | Lair:1   | Reached skill level 10 in Stealth
 18155 | Lair:1   | Reached skill level 10 in Shields
 18155 | Lair:1   | Reached skill level 10 in Unarmed Combat
 18155 | Lair:1   | Reached skill level 10 in Spellcasting
 18155 | Lair:1   | Reached skill level 10 in Evocations
 18245 | Lair:1   | Found a transporter.
 18521 | Lair:1   | Noticed tish's ghost (journeyman OpCj)
 18544 | Lair:1   | Found a transporter.
 18586 | Lair:1   | Killed tish's ghost
 18601 | Lair:1   | Identified the amulet "Davemal" {Faith rPois rC- rN+++
                  | Int+2}
 19516 | Lair:2   | Found a staircase to the Snake Pit.
 20310 | Lair:3   | Found a staircase to the Swamp.
 20360 | Lair:3   | Found a runed translucent gate.
 20361 | Lair:3   | Found a runed translucent gate.
 20362 | Lair:3   | Found a runed translucent gate.
 20372 | Lair:3   | Noticed Mimp's ghost (journeyman FoSh)
 20372 | Lair:3   | Noticed Xoh Arhiasm's ghost (journeyman TrWr)
 20372 | Lair:3   | Noticed tish's ghost (journeyman OpIE)
 20693 | Lair:3   | Killed tish's ghost
 20733 | Lair:3   | Killed Xoh Arhiasm's ghost
 20901 | Lair:3   | Killed Mimp's ghost
 20949 | Lair:3   | Reached XP level 16. HP: 113/113 MP: 30/30
 20955 | Lair:3   | Identified the +4 fire dragon scales of Xuaras {Drain
                  | +Blink rElec rF++ rC- rCorr}
 21301 | Lair:4   | You fall into a shaft and drop 1 floor!
 21301 | Lair:5   | Entered Level 5 of the Lair of Beasts
 21469 | Lair:5   | Reached skill level 10 in Shapeshifting
 21753 | Lair:5   | Reached XP level 17. HP: 90/119 MP: 30/32
 21998 | Lair:5   | Identified the +1 dagger "Afirch" {vamp, Int+3 Dex+4 SInv}
 22142 | Lair:5   | Found a viscous altar of Jiyva.
 22142 | Lair:5   | Found a staircase to the Slime Pits.
 22153 | Lair:5   | Identified the +9 great mace of the Other Side {spect,
                  | Str+5}
 22568 | Lair:4   | Lost mutation: You are dopey. (Int -2) [potion of mutation]
 22568 | Lair:4   | Gained mutation: You are occasionally teleported next to
                  | monsters. [potion of mutation]
 22568 | Lair:4   | Gained mutation: Your spells are a little harder to cast,
                  | but a little more powerful. [potion of mutation]
 23016 | Snake:1  | Entered Level 1 of the Snake Pit
 23232 | Snake:1  | Learned a level 3 spell: Ignite Poison
 23237 | Snake:1  | Learned a level 4 spell: Animate Armour
 23242 | Snake:1  | Learned a level 4 spell: Dispel Undead
 23247 | Snake:1  | Learned a level 4 spell: Vhi's Electric Charge
 23253 | Snake:1  | Learned a level 5 spell: Silence
 23277 | Snake:1  | Noticed Josephine
 23298 | Snake:1  | Killed Josephine
 23638 | Snake:2  | Identified the "Feaxtof"
 23667 | Snake:2  | Found Fextim's Antique Weapon Boutique.
 23685 | Snake:2  | HP: 3/120 [naga sharpshooter/arrow (11)]
 24483 | Snake:2  | HP: 5/121 [poisoned by a naga mage (bolt of poison)]
 24494 | Snake:2  | Reached skill level 10 in Conjurations
 24494 | Snake:2  | Reached skill level 10 in Hexes
 24494 | Snake:2  | Reached skill level 10 in Summonings
 24494 | Snake:2  | Reached skill level 10 in Necromancy
 24494 | Snake:2  | Reached skill level 10 in Translocations
 24494 | Snake:2  | Reached skill level 10 in Transmutations
 24494 | Snake:2  | Reached skill level 10 in Fire Magic
 24494 | Snake:2  | Reached skill level 10 in Ice Magic
 24494 | Snake:2  | Reached skill level 10 in Air Magic
 24494 | Snake:2  | Reached skill level 10 in Earth Magic
 24494 | Snake:2  | Reached skill level 10 in Poison Magic
 24922 | Snake:2  | Reached XP level 18. HP: 124/127 MP: 33/33
 26106 | Snake:4  | Entered Level 4 of the Snake Pit
 26165 | Snake:4  | Lost mutation: You are occasionally teleported next to
                  | monsters. [potion of mutation]
 26165 | Snake:4  | Lost mutation: Your spells are a little harder to cast, but
                  | a little more powerful. [potion of mutation]
 26165 | Snake:4  | Gained mutation: You are strong-willed. (Will+) [potion of
                  | mutation]
 26165 | Snake:4  | Gained mutation: You are vulnerable to heat. (rF-) [potion
                  | of mutation]
 26264 | Snake:4  | HP: 4/128 [naga/+0 glaive (5)]
 26523 | Snake:4  | Found a bloodstained altar of Trog.
 26523 | Snake:4  | Noticed Ekep's ghost (adept GrEE)
 26534 | Snake:4  | Found a transporter.
 26542 | Snake:4  | Found a transporter.
 26733 | Snake:4  | Mangled by a nagaraja

Illustrated notes

Levels and vault maps discovered:
D:1:      minmay_arrival_three_doors, layout_rooms, basic_ecumenical_altar,
          minmay_tromino_i2
D:2:      layout_rooms, basic_altar
D:3:      layout_basic, elyvilon_altar_5, serial_shops, shop, uniq_jessica,
          uniq_robin
D:4:      wander_river, layout_cave_pods, nicolae_qazlal_scattered_showers
D:5:      layout_cave_pools, nicolae_wu_jian_immortal_techniques,
          gammafunk_ghost_grave, uniq_menkaure, uniq_sigmund
D:6:      layout_loops_ring
D:7:      layout_loops_cross, minmay_temple_entry_stoned_glass, serial_glass,
          glass_columns_b, glass_columns_b, serial_shops, shop_statue, shop,
          nicolae_shop_statue_plus, shop, shop_statue,
          hangedman_abyss_or_decor_lesser_grid, minmay_hollow_rounded_squares
D:8:      layout_layer_cave, cheibrodos_ashenzari_chains, lair_entry_dummy,
          enter_bailey_3
D:9:      layout_roguey, serial_shops, shop
D:10:     layout_rooms, amethyst_overflow_temple_binary, orc_0_dummy,
          hangedman_decor_growths
D:11:     lemuel_slime, layout_loops_ring, minmay_three_doors, uniq_harold
D:12:     layout_gridville
D:13:     layout_basic, portal_ice_cave_entry_imps, nooodl_orcs_dogs
D:14:     layout_layer_cave, hellmonk_vaults_order_and_chaos, serial_shops,
          nicolae_shop_hallway_stairs, nicolae_figureground_sparkle, hex_large
D:15:     hangedman_depths_entry_civil_slaughter, layout_loops_ring
Lair:1:   layout_regular_city, gammafunk_ghost_arena
Lair:2:   layout_cave_pods, dummy_snake_entry
Lair:3:   layout_chaotic_city, minmay_swamp_entry_eels, gammafunk_ghost_cemetery
Lair:4:   layout_loops_ring
Lair:5:   minmay_lair_end_enchanted_forest, layout_hall_layers, slime_entry_1,
          nicolae_lair_grove_arrangements, lemuel_fruit_fields
Snake:1:  layout_rooms, uniq_josephine
Snake:2:  layout_gridlike, minmay_shop_grid_forest, nicolae_snake_storage_room
Snake:3:  layout_gridlike
Snake:4:  grunt_snake_rune_pools, layout_gridlike,
          gammafunk_ghost_wrathful_warriors
Orc:1:    layout_caves
Orc:2:    st_orc_open, layout_caves

Skill      XL: |  1  2  3  4  5  6  7  8  9 10 11 12 13 14 15 16 17 18 |
---------------+-------------------------------------------------------+-----
Invocations    | 1 2 3 4 5 6 7 8 9 10 11 12 13 | 13.4
Short Blades   | 1 2 3 4 5 6 7 9 10 11 12 | 12.3
Long Blades    | 1 2 3 4 5 6 7 9 10 11 12 | 12.3
Maces & Flails | 1 2 3 4 5 6 7 9 10 11 12 | 12.3
Staves         | 1 2 3 4 5 6 7 9 10 11 12 | 12.3
Ranged Weapons | 1 2 3 4 5 6 7 9 10 11 12 | 12.3
Dodging        | 1 2 3 4 5 6 7 9 10 11 12 | 12.3
Stealth        | 1 2 3 4 5 6 7 9 10 11 12 | 12.3
Shields        | 1 2 3 4 5 6 7 9 10 11 12 | 12.3
Unarmed Combat | 1 2 3 4 5 6 7 9 10 11 12 | 12.3
Spellcasting   | 1 2 3 4 5 6 7 9 10 11 12 | 12.3
Evocations     | 1 2 3 4 5 6 7 9 10 11 12 | 12.3
Shapeshifting  | 1 2 3 4 5 6 7 8 9 10 11 | 11.3
Conjurations   | 1 2 3 4 5 6 7 8 9 10 | 10.4
Hexes          | 1 2 3 4 5 6 7 8 9 10 | 10.4
Summonings     | 1 2 3 4 5 6 7 8 9 10 | 10.4
Necromancy     | 1 2 3 4 5 6 7 8 9 10 | 10.4
Translocations | 1 2 3 4 5 6 7 8 9 10 | 10.4
Transmutations | 1 2 3 4 5 6 7 8 9 10 | 10.4
Fire Magic     | 1 2 3 4 5 6 7 8 9 10 | 10.4
Ice Magic      | 1 2 3 4 5 6 7 8 9 10 | 10.4
Air Magic      | 1 2 3 4 5 6 7 8 9 10 | 10.4
Earth Magic    | 1 2 3 4 5 6 7 8 9 10 | 10.4
Poison Magic   | 1 2 3 4 5 6 7 8 9 10 | 10.4
Throwing       | 3 4 5 6 7 8 9 10 11 12 | 12.6
Armour         | 3 4 5 6 7 8 9 10 11 12 | 12.6
Fighting       | 5 6 7 8 9 10 11 12 13 | 13.1
Axes           | 7 8 9 10 11 12 13 | 13.8
Polearms       | 7 8 9 10 11 12 13 | 13.8

Action                     |  1- 3 |  4- 6 |  7- 9 | 10-12 | 13-15 | 16-18 || total
---------------------------+-------+-------+-------+-------+-------+-------++-------
  Melee: War axe           |    80 |    56 |   160 |   491 |       |       ||   787
         Bite              |    10 |     8 |    21 |    65 |   128 |   134 ||   366
         Unarmed           |       |    13 |       |       |       |       ||    13
         Punch             |       |       |     5 |    33 |    56 |    61 ||   155
         Staff             |       |       |       |    28 |   694 |   798 ||  1520
         Great mace        |       |       |       |       |       |    26 ||    26
   Cast: Vhi's Electric Ch |       |       |       |       |       |     2 ||     2
         Animate Armour    |       |       |       |       |       |     1 ||     1
 Invoke: Ancestor Identity |       |     2 |       |       |       |       ||     2
         Ancestor Life: Ba |       |     1 |       |       |       |       ||     1
  Evoke: Wand              |       |       |       |     4 |       |       ||     4
         Lightning rod     |       |       |       |     4 |     8 |     4 ||    16
         Tin of tremorston |       |       |       |       |     2 |     4 ||     6
    Use: Scroll            |       |     8 |     6 |    10 |     5 |     4 ||    33
         Potion            |       |       |       |     8 |     3 |    11 ||    22
   Stab: Sleeping          |     1 |     1 |       |     2 |       |    16 ||    20
         Distracted        |       |       |     3 |    12 |     9 |    14 ||    38
 Armour: Leather armour    |    40 |    17 |       |       |       |       ||    57
         Animal skin       |       |     2 |       |       |       |       ||     2
         Skin              |       |     2 |       |       |       |       ||     2
         Chain mail        |       |    23 |    45 |       |       |       ||    68
         Plate armour      |       |       |   106 |   204 |   604 |       ||   914
         Scale mail        |       |       |       |   322 |       |       ||   322
         Fire dragon scale |       |       |       |       |       |   565 ||   565
  Dodge: Dodged            |    42 |    38 |    68 |   590 |   517 |   661 ||  1916
  Block: Other             |       |       |     4 |       |       |       ||     4

Table legend: (Time is in decaauts)
 A = Elapsed time spent in this place.
 B = Non-inter-level travel time spent in this place.
 C = Inter-level travel time spent in this place.
 D = Time resting spent in this place.
 E = Time spent auto-exploring this place.
 F = Levels seen in this place.
 G = Mean time per level.
                   A        B        C        D        E       F      G
               +--------+--------+--------+--------+--------+-----+--------+
         Total |  26377 |  24878 |   1499 |   4315 |  14794 |  27 |  976.9 |
       Dungeon |  16085 |  15038 |   1047 |   2815 |   9384 |  15 | 1072.3 |
          Lair |   4779 |   4578 |    201 |    298 |   3128 |   5 |  955.8 |
     Snake Pit |   3475 |   3318 |    157 |    679 |   1545 |   4 |  868.8 |
  Orcish Mines |   1721 |   1628 |     93 |    479 |    651 |   2 |  860.5 |
        Bailey |    315 |    315 |      0 |     44 |     85 |   1 |  315.0 |
               +--------+--------+--------+--------+--------+-----+--------+

Top non-repeatable levels by time:
     D:7: 1687 daAuts
    D:14: 1594 daAuts
    D:11: 1444 daAuts
     D:5: 1437 daAuts
 Snake:2: 1319 daAuts
     D:8: 1210 daAuts
    D:15: 1153 daAuts
  Lair:5: 1131 daAuts
  Lair:2: 1104 daAuts
    D:12: 1052 daAuts
     D:6: 1027 daAuts
     D:3: 1017 daAuts
     D:4: 995 daAuts
 Snake:3: 937 daAuts
  Lair:1: 932 daAuts
